Cogmind - Beta 12 @@@ ROGUE MODE // 2023.05.24 @ 17:15:53 Player: Mr Goldstein Result: Self-destructed Performance ------------- Evolutions (1) 500 Regions Visited (3) 600 Robots Destroyed (0) 0 Value Destroyed (0) 0 Prototype IDs (1) 20 Alien Tech Used (0) 0 Bonus (200) 200 TOTAL SCORE: 1320 Bonus ------- Pacifist 200 Cogmind --------- Core Integrity 2/400 Matter 255/300 Energy 99/100 System Corruption 0% Temperature Cool (0) Movement Core (50) Location -9/Materials Parts ------- > --- POWER (1) -------- (None) > --- PROPULSION (3) --- (None) > --- UTILITY (3) ------ Signal Interpreter > --- WEAPON (2) ------- Heavy Flail > --- INVENTORY (5) ---- Surge Thruster Surge Thruster Surge Thruster Surge Thruster Rocket Launcher Peak State ------------ > --- POWER ------------ (None) > --- PROPULSION ------- Surge Thruster Surge Thruster Surge Thruster > --- UTILITY ---------- Signal Interpreter > --- WEAPON ----------- (None) > --- INVENTORY -------- Surge Thruster Rocket Launcher Mini Grenade Launcher [Rating: 10] Favorites ----------- Power Heavy Ion Engine Engine Heavy Ion Engine Propulsion Surge Thruster Flight Unit Surge Thruster Utility Signal Interpreter Processor Signal Interpreter Weapon Heavy Flail Impact Weapon Heavy Flail Build | -11 -10 -10 -9 ------- Run | Jun Mat Min Mat Slots Evolved 2 | . . . 2 Power . | . . . . Propulsion 1 | . . . 1 Utility 1 | . . . 1 Weapon . | . . . . Parts Attached 6 | . . . 6 Power 1 | . . . 1 Engine 1 | . . . 1 Core . | . . . . Reactor . | . . . . Propulsion 3 | . . . 3 Treads . | . . . . Leg . | . . . . Wheel . | . . . . Hover . | . . . . Flight 3 | . . . 3 Utility 1 | . . . 1 Device . | . . . . Storage . | . . . . Processor 1 | . . . 1 Hackware . | . . . . Protection . | . . . . Artifact . | . . . . Weapon 1 | . . . 1 Energy Gun . | . . . . Energy Cannon . | . . . . Ballistic Gun . | . . . . Ballistic Cannon . | . . . . Launcher . | . . . . Special Weapon . | . . . . Impact Weapon 1 | . . . 1 Slashing Weapon . | . . . . Piercing Weapon . | . . . . Special Melee Weapon . | . . . . Unidentified Prototypes 1 | . . . 1 Parts Lost . | . . . . Power . | . . . . Propulsion . | . . . . Utility . | . . . . Weapon . | . . . . Highest Loss Streak . | . . . . To Critical Strikes . | . . . . Average Slot Usage (%) 9 | . . . 16 Processor 5 | . . . 9 Impact Weapon 3 | . . . 6 Naked Turns 123 | . 72 31 20 Heaviest Build 8 | . . . 8 Greatest Support 3 | 3 3 3 3 Greatest Overweight (x) 2 | . . . 2 Average Overweight (x) . | . . . . Largest Inventory Capacity 5 | 5 5 5 5 Average Capacity 5 | 5 5 5 5 Most Carried 5 | . . 1 5 Average Carried 1 | . . . 3 Final Capacity 5 | 5 5 5 5 Final Carried 5 | . . 1 5 Class Distribution -------------------- 100% | Mutant Dominant Class ---------------- Mutant | -10/Materials Mutant | -10/Mines Mutant | -9/Materials Resources | -11 -10 -10 -9 ----------- Run | Jun Mat Min Mat Matter Collected 200 | 200 . . . Remotely . | . . . . Salvage Created . | . . . . Parts . | . . . . Haulers Intercepted . | . . . . Recyclers Shooed . | . . . . Parts Field Recycled . | . . . . Retrieved Matter . | . . . . Parts Self-Destructed . | . . . . Prevented . | . . . . Kills | -11 -10 -10 -9 ------- Run | Jun Mat Min Mat Combat Hostiles Destroyed . | . . . . Classes Destroyed . | . . . . Best Kill Streak . | . . . . Combat Bots Only . | . . . . Max Kills in Single Turn . | . . . . Gunslinging . | . . . . Exploded . | . . . . Melee . | . . . . Uniques/NPCs Destroyed . | . . . . Combat | -11 -10 -10 -9 -------- Run | Jun Mat Min Mat Damage Taken 563 | . 106 . 457 Core 504 | . 106 . 398 Absorbed by Shields . | . . . . Core Remaining (%) 78 | 100 . 57 . Volleys Fired . | . . . . Largest . | . . . . Hottest . | . . . . Shots Fired . | . . . . Gun . | . . . . Cannon . | . . . . Launcher . | . . . . Special . | . . . . Kinetic . | . . . . Thermal . | . . . . Explosive . | . . . . Electromagnetic . | . . . . Robot Hit Streak . | . . . . Robot Miss Streak . | . . . . Penetration Max . | . . . . Secondary Targets . | . . . . Shots Hit Robots . | . . . . Core Hits . | . . . . Critical Kills . | . . . . Critical Parts Destroyed . | . . . . Critical Strikes . | . . . . Melee Attacks 1 | . . . 1 Impact 1 | . . . 1 Slashing . | . . . . Piercing . | . . . . Sneak Attacks . | . . . . Combat Hostiles . | . . . . Follow-up Attacks . | . . . . Damage Inflicted 18 | . 14 . 4 Guns . | . . . . Cannons . | . . . . Explosions . | . . . . Melee . | . . . . Ramming 18 | . 14 . 4 Kinetic . | . . . . Thermal . | . . . . Explosive . | . . . . Electromagnetic . | . . . . Impact . | . . . . Slashing . | . . . . Piercing . | . . . . Highest Corruption . | . . . . Average Corruption . | . . . . Corruption Purged . | . . . . Corruption Blocked . | . . . . Overload Shots . | . . . . Overflow Damage . | . . . . Projectiles . | . . . . Explosions . | . . . . Melee . | . . . . Knockbacks . | . . . . Impact . | . . . . Kinetic . | . . . . Secondary . | . . . . Self-Inflicted Damage 8 | . 7 . 1 Shots . | . . . . Rammed 5 | . 2 . 3 Targets Rammed 5 | . 2 . 3 Kicked . | . . . . Crushed . | . . . . Highest Temperature . | . . . . Average Temperature . | . . . . Received Heat Transfer 243 | . 54 . 189 Siege Activations . | . . . . Robots Corrupted . | . . . . Combat Hostiles . | . . . . Parts Fried . | . . . . Impact Corruptions . | . . . . Robots Melted . | . . . . Combat Hostiles . | . . . . Parts Melted . | . . . . Heat Transferred . | . . . . Parts Sabotaged . | . . . . Parts Stolen . | . . . . Parts Stripped . | . . . . Power Chain Reactions . | . . . . Missiles Intercepted . | . . . . Alert | -11 -10 -10 -9 ------- Run | Jun Mat Min Mat Peak Influence 48 | . 30 11 48 Initial 11 | . . 11 3 Average 21 | . 15 11 30 Maximum Alert Level . | . . . . Low Security (%) 100 | 100 100 100 100 Level 1 . | . . . . Level 2 . | . . . . Level 3 . | . . . . Level 4 . | . . . . Level 5 . | . . . . High Security . | . . . . Max Security . | . . . . Squads Dispatched 4 | . 2 . 2 Investigation 1 | . . . 1 Extermination . | . . . . Reinforcement 3 | . 2 . 1 Assault . | . . . . Garrison . | . . . . Intercept . | . . . . Searches Triggered . | . . . . Construction Impeded . | . . . . Haulers Reinforced . | . . . . Active Scanning Responses . | . . . . Cargo Convoy Interrupts . | . . . . Stealth | -11 -10 -10 -9 --------- Run | Jun Mat Min Mat Distress Signals 1 | . 1 . . Communications Jammed . | . . . . Distress Signals . | . . . . Times Spotted 16 | . 8 . 8 Peak Tracking Total 7 | . 7 . 7 Tactical Retreats . | . . . . Traps | -11 -10 -10 -9 ------- Run | Jun Mat Min Mat Traps Triggered 1 | . . . 1 Indirectly . | . . . . Trap Hack Attempts . | . . . . Triggered . | . . . . Disarmed . | . . . . Reprogrammed . | . . . . Reused . | . . . . Traps Extracted . | . . . . Installed . | . . . . Triggered . | . . . . Machines | -11 -10 -10 -9 ---------- Run | Jun Mat Min Mat Machines Disabled . | . . . . Max in Single Turn . | . . . . Machines Repaired . | . . . . Machines Sabotaged . | . . . . Overloaded Fab Kills . | . . . . Hacking | -11 -10 -10 -9 --------- Run | Jun Mat Min Mat Machines Accessed . | . . . . Terminals . | . . . . Fabricators . | . . . . Repair Stations . | . . . . Recycling Units . | . . . . Scanalyzers . | . . . . Garrison Access . | . . . . Total Hacks . | . . . . Successful . | . . . . Failed . | . . . . Catastrophic . | . . . . Database Lockouts . | . . . . Manual . | . . . . Terminals . | . . . . Fabricators . | . . . . Repair Stations . | . . . . Recycling Units . | . . . . Scanalyzers . | . . . . Garrison Access . | . . . . Terminal Hacks . | . . . . Fabricator Hacks . | . . . . Repair Station Hacks . | . . . . Recycling Unit Hacks . | . . . . Scanalyzer . | . . . . Garrison Access Hacks . | . . . . Unauthorized Hacks . | . . . . Terminals . | . . . . Fabricators . | . . . . Repair Stations . | . . . . Recycling Units . | . . . . Scanalyzers . | . . . . Garrison Access . | . . . . Data Cores Recovered . | . . . . Used . | . . . . Hacking Detections . | . . . . Full Trace Events . | . . . . Feedback Events . | . . . . Feedback Blocked . | . . . . Robot Schematics Acquired . | . . . . Robots Built . | . . . . Authchips . | . . . . Time . | . . . . Total Robot Build Rating . | . . . . Part Schematics Acquired . | . . . . Parts Built . | . . . . Authchips . | . . . . Time . | . . . . Total Part Build Rating . | . . . . Parts Repaired . | . . . . Time . | . . . . Parts Recycled . | . . . . Recycled Matter . | . . . . Retrieved Matter . | . . . . Retrieved Components . | . . . . Parts Scanalyzed . | . . . . Part Schematics Acquired . | . . . . Parts Damaged . | . . . . Bothacking | -11 -10 -10 -9 ------------ Run | Jun Mat Min Mat Used RIF Installer . | . . . . Robots Hacked . | . . . . Non-combat . | . . . . Combat . | . . . . Robot Hacks Applied . | . . . . Relay Couplers Released . | . . . . Fabnet Peak Effective % . | . . . . Robots Rewired . | . . . . Allies Hacked . | . . . . Hacks Repelled . | . . . . Allies | -11 -10 -10 -9 -------- Run | Jun Mat Min Mat Total Allies . | . . . . Largest Group . | . . . . Highest-Rated Group . | . . . . Highest-Rated Ally . | . . . . Total Orders . | . . . . Ally Attacks . | . . . . Total Damage . | . . . . Kills . | . . . . Allies Corrupted . | . . . . Allies Melted . | . . . . Intel | -11 -10 -10 -9 ------- Run | Jun Mat Min Mat Robot Analysis Total . | . . . . Derelict Logs Recovered 1 | . . 1 . Drone Launches . | . . . . Drone Recoveries . | . . . . Exploration | -11 -10 -10 -9 ------------- Run | Jun Mat Min Mat Turns Passed 232 | 13 72 31 116 Spaces Moved 412 | 26 140 60 186 Core 412 | 26 140 60 186 Treads . | . . . . Legs . | . . . . Wheels . | . . . . Hover . | . . . . Flight . | . . . . Fastest Speed 50 | 50 50 50 50 Average Speed 50 | 50 50 50 50 Slowest Speed 150 | 50 50 50 150 Overloaded Moves . | . . . . Propulsion Burnouts . | . . . . Robots Hopped . | . . . . Cave-ins Triggered . | . . . . Exploration Rate (%) 18 | 3 34 19 19 Regions Visited 3 Branch Regions 1 Pre-discovered Areas . | . . . . Known Exits Taken . | . . . . Unknown Exits Taken 3 | 1 1 1 . Scrap Searched . | . . . . Spaces Dug . | . . . . Terrain Destroyed . | . . . . Melee . | . . . . Projectile . | . . . . AOE . | . . . . Terrain Rammed . | . . . . Walls Destroyed . | . . . . Machines Disabled . | . . . . Actions | -11 -10 -10 -9 --------- Run | Jun Mat Min Mat Total 433 | 25 141 60 207 Wait . | . . . . Move 409 | 25 139 59 186 Hop . | . . . . Pick Up 6 | . . 1 5 Fast Attach 4 | . . . 4 Attach 2 | . . . 2 Detach 3 | . . . 3 Swap . | . . . . Drop 3 | . . . 3 Fire . | . . . . Melee 1 | . . . 1 Ram 5 | . 2 . 3 Kick . | . . . . Crush . | . . . . Escape Stasis . | . . . . Rewire . | . . . . Trap . | . . . . Miscellaneous . | . . . . Route ------- -11/Junkyard -10/Materials -10/Mines -9/Materials History --------- Turn | Location | Event 7 | -11/Junkyard | Discovered new exit (range 14) 14 | -11/Junkyard | Entered Materials 84 | -10/Materials | Discovered new exit (range 6) 86 | -10/Materials | Entered Mines 88 | -10/Mines | Learned Materials garrison access intel 103 | -10/Mines | Discovered new exit (range 14) 111 | -10/Mines | Received a Rocket Launcher from a helpful Derelict 117 | -10/Mines | Entered Materials 117 | -9/Materials | Evolved 2 slots: Propulsion x1, Utility x1 203 | -9/Materials | Core integrity fell below 50% 207 | -9/Materials | Core integrity fell below 20% 233 | -9/Materials | Self-destructed Last Messages --------------- 00127_ K-01 Serf collects debris. 00135_ Acquired Mni. Grenade Launcher. 00137_ Acquired Prototype Engine. 00137_ Identified Hvy. Ion Engine. 00139_ Acquired Signal Interpreter. 00141_ Dropped Hvy. Ion Engine. 00150_ Acquired Surge Thruster. 00159_ Dropped Rocket Launcher. 00160_ Dropped Mni. Grenade Launcher. 00160_ Acquired Rocket Launcher. 00163_ Acquired Hvy. Flail. 00181_ Slammed into R-06 Scavenger. 00185_ O-16 Technician: "IFF HANDSHAKE FAILED. SECURING TERMINAL." 00187_ ALERT: Hostiles spotted, dispatching reinforcements to Terminal M006. 00203_ Slammed into G-47 Trooper. 00205_ Slammed into Y-45 Defender. 00233_ Triggered Alarm Trap. 00233_ An alarm sounds. 00233_ ALERT: Alarm triggered, dispatching investigation squad. Map ----- +----------------------------------------------------+ | /???# """" # #? ## #?????????????????? | | ?# """" # #? ## #?????????????????? | | """ ## # # ## #?????????????????? | | """ ## # # """ ?# #?????????????????? | | """ ## + + """""?##/##????????????????? | | ## # # """""?# #????????????????? | | ??########### # """""?#]]!#????????????????? | | ###?????######## #? """??#]]!#??????????? ????? | | ????????# # #? ??# *#???????? ????? | | ????????#""" + #??#####?# ######## ?????? | | ????????#"Y # #????????# + ??????? | | ????????#""" # #????????# # ????????? | | ????????# # ###########+## """ "????????? | | ????????# # """ ""???????? | | ????????######## """ ""???????? | | ???????????????# ????? | | ???????????????# ########## #??? | | ???????????????# #????????# """ " ##??? | | ???????????????# #????????# """ T #???? | | ???????????????# ########?# """ " ????? | | ???????????????# #]]//!!#?# ????? | | ???????????????# #]]//!!#?# #???? | | ???????????????# # #?# ###???+?????? | | ???????????????# # ### ##???????????? | | ???????????????# #????????????? | | ???????????????# @ #????????????? | | ???????????????# ##+#????????????? | | ???????????????############### #???????????????? | | ?????????????????????????????# #???????????????? | | ?????????????????????????????? ????????????????? | | ?????????????????????????????????????????????????? | | ?????????????????????????????????????????????????? | | ?????????????????????????????????????????????????? | | ?????????????????????????????????????????????????? | | ?????????????????????????????????????????????????? | | ?????????????????????????????????????????????????? | | ?????????????????????????????????????????????????? | | ?????????????????????????????????????????????????? | | ?????????????????????????????????????????????????? | | ?????????????????????????????????????????????????? | | ?????????????????????????????????????????????????? | | ?????????????????????????????????????????????????? | | ?????????????????????????????????????????????????? | | ?????????????????????????????????????????????????? | | ?????????????????????????????????????????????????? | | ?????????????????????????????????????????????????? | | ?????????????????????????????????????????????????? | | ?????????????????????????????????????????????????? | | ?????????????????????????????????????????????????? | | ?????????????????????????????????????????????????? | +----------------------------------------------------+ Best States ------------- Heat Dissipation 28 Energy Generation 14 Energy Capacity 280 Matter Stores 300 Matter Capacity 300 Sight Range 16 Terrain Scan Density 10 Evasion (%) 50 Item Schematics ----------------- None Robot Schematics ------------------ None Fabricated ------------ Nothing Alien Tech Used ----------------- None Achievements -------------- None Challenges ------------ None Game ------ Seed ArcChromaticMace Manual? 0 Play Time 00:04:00 Cumulative 236.8 hours Start 2023.05.24 @ 17:13:19 End 2023.05.24 @ 17:15:53 Sessions 1 Manual Loads 0 Difficulty Rogue Special Mode None Game No. 712 Rogue 712 Adventurer 0 Explorer 0 Win Type - Total 10 Types 8/0/1/1/0/0/0/0/0 Lore% 86 Gallery% 82 Achievement% 73 Wizard Run 0 Options --------- ASCII 0 Keyboard 0 Movement Numpad Keybinds 0 Fullscreen 1 Font 16/SmallcapsGlow Map View 75x55 Tactical HUD 1 Map Filters NONE Filters NONE Steam 1 RUN: 415b6e5c-5418-4fb3-b6db-294d53ea3f6c